%YAML 1.1
%TAG !u! tag:unity3d.com,2011:
--- !u!1 &9185169587263747862
GameObject:
  m_ObjectHideFlags: 0
  m_CorrespondingSourceObject: {fileID: 0}
  m_PrefabInstance: {fileID: 0}
  m_PrefabAsset: {fileID: 0}
  serializedVersion: 6
  m_Component:
  - component: {fileID: 9185169587263747863}
  m_Layer: 0
  m_Name: Check Point
  m_TagString: Untagged
  m_Icon: {fileID: 0}
  m_NavMeshLayer: 0
  m_StaticEditorFlags: 0
  m_IsActive: 1
--- !u!4 &9185169587263747863
Transform:
  m_ObjectHideFlags: 0
  m_CorrespondingSourceObject: {fileID: 0}
  m_PrefabInstance: {fileID: 0}
  m_PrefabAsset: {fileID: 0}
  m_GameObject: {fileID: 9185169587263747862}
  m_LocalRotation: {x: 0, y: 0, z: 0, w: 1}
  m_LocalPosition: {x: 0, y: 5, z: 0}
  m_LocalScale: {x: 1, y: 1, z: 1}
  m_ConstrainProportionsScale: 0
  m_Children: []
  m_Father: {fileID: 9185169587865265230}
  m_RootOrder: 0
  m_LocalEulerAnglesHint: {x: 0, y: 0, z: 0}
--- !u!1 &9185169587865265224
GameObject:
  m_ObjectHideFlags: 0
  m_CorrespondingSourceObject: {fileID: 0}
  m_PrefabInstance: {fileID: 0}
  m_PrefabAsset: {fileID: 0}
  serializedVersion: 6
  m_Component:
  - component: {fileID: 9185169587865265230}
  - component: {fileID: 9185169587865265225}
  - component: {fileID: 9185169587865265235}
  - component: {fileID: 9185169587865265232}
  - component: {fileID: 9185169587865265233}
  - component: {fileID: 9185169587865265234}
  - component: {fileID: 9185169587865265229}
  - component: {fileID: 9185169587865265228}
  - component: {fileID: 9185169587865265231}
  m_Layer: 6
  m_Name: Shield Droid
  m_TagString: Untagged
  m_Icon: {fileID: 0}
  m_NavMeshLayer: 0
  m_StaticEditorFlags: 0
  m_IsActive: 1
--- !u!4 &9185169587865265230
Transform:
  m_ObjectHideFlags: 0
  m_CorrespondingSourceObject: {fileID: 0}
  m_PrefabInstance: {fileID: 0}
  m_PrefabAsset: {fileID: 0}
  m_GameObject: {fileID: 9185169587865265224}
  m_LocalRotation: {x: 0, y: 0, z: 0, w: 1}
  m_LocalPosition: {x: 0, y: 0, z: 0}
  m_LocalScale: {x: 1, y: 1, z: 1}
  m_ConstrainProportionsScale: 0
  m_Children:
  - {fileID: 9185169587263747863}
  - {fileID: 9185169588784793683}
  - {fileID: 9185169587962363425}
  m_Father: {fileID: 9185169588772256692}
  m_RootOrder: 0
  m_LocalEulerAnglesHint: {x: 0, y: 0, z: 0}
--- !u!212 &9185169587865265225
SpriteRenderer:
  m_ObjectHideFlags: 0
  m_CorrespondingSourceObject: {fileID: 0}
  m_PrefabInstance: {fileID: 0}
  m_PrefabAsset: {fileID: 0}
  m_GameObject: {fileID: 9185169587865265224}
  m_Enabled: 1
  m_CastShadows: 0
  m_ReceiveShadows: 0
  m_DynamicOccludee: 1
  m_StaticShadowCaster: 0
  m_MotionVectors: 1
  m_LightProbeUsage: 1
  m_ReflectionProbeUsage: 1
  m_RayTracingMode: 0
  m_RayTraceProcedural: 0
  m_RenderingLayerMask: 1
  m_RendererPriority: 0
  m_Materials:
  - {fileID: 2100000, guid: a97c105638bdf8b4a8650670310a4cd3, type: 2}
  m_StaticBatchInfo:
    firstSubMesh: 0
    subMeshCount: 0
  m_StaticBatchRoot: {fileID: 0}
  m_ProbeAnchor: {fileID: 0}
  m_LightProbeVolumeOverride: {fileID: 0}
  m_ScaleInLightmap: 1
  m_ReceiveGI: 1
  m_PreserveUVs: 0
  m_IgnoreNormalsForChartDetection: 0
  m_ImportantGI: 0
  m_StitchLightmapSeams: 1
  m_SelectedEditorRenderState: 0
  m_MinimumChartSize: 4
  m_AutoUVMaxDistance: 0.5
  m_AutoUVMaxAngle: 89
  m_LightmapParameters: {fileID: 0}
  m_SortingLayerID: 0
  m_SortingLayer: 0
  m_SortingOrder: 0
  m_Sprite: {fileID: -147030138, guid: 7aeb09ba63d2906499bc8453368fe2f7, type: 3}
  m_Color: {r: 1, g: 1, b: 1, a: 1}
  m_FlipX: 0
  m_FlipY: 0
  m_DrawMode: 0
  m_Size: {x: 0.2, y: 0.22}
  m_AdaptiveModeThreshold: 0.5
  m_SpriteTileMode: 0
  m_WasSpriteAssigned: 1
  m_MaskInteraction: 0
  m_SpriteSortPoint: 0
--- !u!95 &9185169587865265235
Animator:
  serializedVersion: 5
  m_ObjectHideFlags: 0
  m_CorrespondingSourceObject: {fileID: 0}
  m_PrefabInstance: {fileID: 0}
  m_PrefabAsset: {fileID: 0}
  m_GameObject: {fileID: 9185169587865265224}
  m_Enabled: 1
  m_Avatar: {fileID: 0}
  m_Controller: {fileID: 9100000, guid: bce5a9e1adcbbd24196fffb1e53dbfb6, type: 2}
  m_CullingMode: 0
  m_UpdateMode: 0
  m_ApplyRootMotion: 0
  m_LinearVelocityBlending: 0
  m_StabilizeFeet: 0
  m_WarningMessage: 
  m_HasTransformHierarchy: 1
  m_AllowConstantClipSamplingOptimization: 1
  m_KeepAnimatorStateOnDisable: 0
--- !u!50 &9185169587865265232
Rigidbody2D:
  serializedVersion: 4
  m_ObjectHideFlags: 0
  m_CorrespondingSourceObject: {fileID: 0}
  m_PrefabInstance: {fileID: 0}
  m_PrefabAsset: {fileID: 0}
  m_GameObject: {fileID: 9185169587865265224}
  m_BodyType: 1
  m_Simulated: 1
  m_UseFullKinematicContacts: 0
  m_UseAutoMass: 0
  m_Mass: 1
  m_LinearDrag: 0
  m_AngularDrag: 0.05
  m_GravityScale: 1
  m_Material: {fileID: 0}
  m_Interpolate: 0
  m_SleepingMode: 1
  m_CollisionDetection: 1
  m_Constraints: 0
--- !u!60 &9185169587865265233
PolygonCollider2D:
  m_ObjectHideFlags: 0
  m_CorrespondingSourceObject: {fileID: 0}
  m_PrefabInstance: {fileID: 0}
  m_PrefabAsset: {fileID: 0}
  m_GameObject: {fileID: 9185169587865265224}
  m_Enabled: 1
  m_Density: 1
  m_Material: {fileID: 0}
  m_IsTrigger: 0
  m_UsedByEffector: 0
  m_UsedByComposite: 0
  m_Offset: {x: 0, y: 0}
  m_SpriteTilingProperty:
    border: {x: 0, y: 0, z: 0, w: 0}
    pivot: {x: 0.5, y: 0}
    oldSize: {x: 5, y: 6.5}
    newSize: {x: 0.2, y: 0.22}
    adaptiveTilingThreshold: 0.5
    drawMode: 0
    adaptiveTiling: 0
  m_AutoTiling: 0
  m_Points:
    m_Paths:
    - - {x: -0.7518321, y: 5.0132093}
      - {x: -0.7572522, y: 2.2599695}
      - {x: -0.97351825, y: 2.2629948}
      - {x: -2.493054, y: 0.73628974}
      - {x: -2.5, y: 0}
      - {x: 2.5, y: 0}
      - {x: 2.4863977, y: 0.74387634}
      - {x: 0.98666245, y: 2.2438688}
      - {x: 0.7503612, y: 2.2476285}
      - {x: 0.7530439, y: 5.003446}
      - {x: 0.24694183, y: 5.4932065}
      - {x: -0.24706179, y: 5.4960213}
--- !u!114 &9185169587865265234
MonoBehaviour:
  m_ObjectHideFlags: 0
  m_CorrespondingSourceObject: {fileID: 0}
  m_PrefabInstance: {fileID: 0}
  m_PrefabAsset: {fileID: 0}
  m_GameObject: {fileID: 9185169587865265224}
  m_Enabled: 1
  m_EditorHideFlags: 0
  m_Script: {fileID: 11500000, guid: 86c01a61ccdda9942a1ebfe60ca58771, type: 3}
  m_Name: 
  m_EditorClassIdentifier: 
  _moveSpeed: 0
  _jumpForce: 0
  _maxHP: 50
  _currentHP: 50
  _thrustForce: {x: 0, y: 0}
  thrustForce: {fileID: 0}
  _antiThrustForce: {x: 0, y: 0}
  antiThrustForce: {fileID: 0}
  _timeHurt: 0
  _attackSpeed: 0
  _attackDamage: 1
  _rateCritical: 0
  _coin: 100
  died: 0
--- !u!114 &9185169587865265229
MonoBehaviour:
  m_ObjectHideFlags: 0
  m_CorrespondingSourceObject: {fileID: 0}
  m_PrefabInstance: {fileID: 0}
  m_PrefabAsset: {fileID: 0}
  m_GameObject: {fileID: 9185169587865265224}
  m_Enabled: 1
  m_EditorHideFlags: 0
  m_Script: {fileID: 11500000, guid: abcb6450fa543bd459af676f009b7410, type: 3}
  m_Name: 
  m_EditorClassIdentifier: 
--- !u!114 &9185169587865265228
MonoBehaviour:
  m_ObjectHideFlags: 0
  m_CorrespondingSourceObject: {fileID: 0}
  m_PrefabInstance: {fileID: 0}
  m_PrefabAsset: {fileID: 0}
  m_GameObject: {fileID: 9185169587865265224}
  m_Enabled: 1
  m_EditorHideFlags: 0
  m_Script: {fileID: 11500000, guid: 8a793d8825b98f94b88536ef0b9f8bee, type: 3}
  m_Name: 
  m_EditorClassIdentifier: 
  isAttacker: 1
  arrAttackPoint:
  - {fileID: 9185169587263747863}
  - {fileID: 9185169587962363425}
  arrAttackRange:
  - 0
  - 0
  enemyLayers:
    serializedVersion: 2
    m_Bits: 128
  collidersDamaged: []
  _attackIndex: 0
  areaAttack: {x: 30, y: 10}
  _timeBreakAfterAttack: 5
  _waitTimeBreakAfterAttack: 0
  shield: {fileID: 9185169588784793682}
  attackPoint: {fileID: 9185169587962363424}
  timeOpenShield: 5
  inTimeOpenShield: 0
  attackZone: {x: 19.5, y: 4}
--- !u!114 &9185169587865265231
MonoBehaviour:
  m_ObjectHideFlags: 0
  m_CorrespondingSourceObject: {fileID: 0}
  m_PrefabInstance: {fileID: 0}
  m_PrefabAsset: {fileID: 0}
  m_GameObject: {fileID: 9185169587865265224}
  m_Enabled: 1
  m_EditorHideFlags: 0
  m_Script: {fileID: 11500000, guid: 21da192bf14e8d94594e454d79bdb39a, type: 3}
  m_Name: 
  m_EditorClassIdentifier: 
  hurtingTime: 0
  healthBar: {fileID: 1943100881434598035}
  materialDeathEffect: {fileID: 2100000, guid: 26bd684a1c87e594da2f480ef17f25b9, type: 2}
  isInvicible: 0
--- !u!1 &9185169587962363424
GameObject:
  m_ObjectHideFlags: 0
  m_CorrespondingSourceObject: {fileID: 0}
  m_PrefabInstance: {fileID: 0}
  m_PrefabAsset: {fileID: 0}
  serializedVersion: 6
  m_Component:
  - component: {fileID: 9185169587962363425}
  m_Layer: 6
  m_Name: Attack Point
  m_TagString: Untagged
  m_Icon: {fileID: 0}
  m_NavMeshLayer: 0
  m_StaticEditorFlags: 0
  m_IsActive: 1
--- !u!4 &9185169587962363425
Transform:
  m_ObjectHideFlags: 0
  m_CorrespondingSourceObject: {fileID: 0}
  m_PrefabInstance: {fileID: 0}
  m_PrefabAsset: {fileID: 0}
  m_GameObject: {fileID: 9185169587962363424}
  m_LocalRotation: {x: 0, y: 0, z: 0, w: 1}
  m_LocalPosition: {x: 0.5, y: 2, z: 0}
  m_LocalScale: {x: 1, y: 1, z: 1}
  m_ConstrainProportionsScale: 0
  m_Children: []
  m_Father: {fileID: 9185169587865265230}
  m_RootOrder: 2
  m_LocalEulerAnglesHint: {x: 0, y: 0, z: 0}
--- !u!1 &9185169588772256695
GameObject:
  m_ObjectHideFlags: 0
  m_CorrespondingSourceObject: {fileID: 0}
  m_PrefabInstance: {fileID: 0}
  m_PrefabAsset: {fileID: 0}
  serializedVersion: 6
  m_Component:
  - component: {fileID: 9185169588772256692}
  m_Layer: 6
  m_Name: Shield Droid
  m_TagString: Untagged
  m_Icon: {fileID: 0}
  m_NavMeshLayer: 0
  m_StaticEditorFlags: 0
  m_IsActive: 1
--- !u!4 &9185169588772256692
Transform:
  m_ObjectHideFlags: 0
  m_CorrespondingSourceObject: {fileID: 0}
  m_PrefabInstance: {fileID: 0}
  m_PrefabAsset: {fileID: 0}
  m_GameObject: {fileID: 9185169588772256695}
  m_LocalRotation: {x: 0, y: 0, z: 0, w: 1}
  m_LocalPosition: {x: -0.07, y: -4.49, z: -0.06675332}
  m_LocalScale: {x: 1, y: 1, z: 1}
  m_ConstrainProportionsScale: 0
  m_Children:
  - {fileID: 9185169587865265230}
  - {fileID: 2228687328941298064}
  m_Father: {fileID: 0}
  m_RootOrder: 0
  m_LocalEulerAnglesHint: {x: 0, y: 0, z: 0}
--- !u!1 &9185169588784793682
GameObject:
  m_ObjectHideFlags: 0
  m_CorrespondingSourceObject: {fileID: 0}
  m_PrefabInstance: {fileID: 0}
  m_PrefabAsset: {fileID: 0}
  serializedVersion: 6
  m_Component:
  - component: {fileID: 9185169588784793683}
  - component: {fileID: 9185169588784793681}
  - component: {fileID: 9185169588784793686}
  m_Layer: 0
  m_Name: Shield Size
  m_TagString: Untagged
  m_Icon: {fileID: 0}
  m_NavMeshLayer: 0
  m_StaticEditorFlags: 0
  m_IsActive: 1
--- !u!4 &9185169588784793683
Transform:
  m_ObjectHideFlags: 0
  m_CorrespondingSourceObject: {fileID: 0}
  m_PrefabInstance: {fileID: 0}
  m_PrefabAsset: {fileID: 0}
  m_GameObject: {fileID: 9185169588784793682}
  m_LocalRotation: {x: 0, y: 0, z: 0, w: 1}
  m_LocalPosition: {x: 0, y: 0, z: 0}
  m_LocalScale: {x: 1, y: 1, z: 1}
  m_ConstrainProportionsScale: 0
  m_Children: []
  m_Father: {fileID: 9185169587865265230}
  m_RootOrder: 1
  m_LocalEulerAnglesHint: {x: 0, y: 0, z: 0}
--- !u!114 &9185169588784793681
MonoBehaviour:
  m_ObjectHideFlags: 0
  m_CorrespondingSourceObject: {fileID: 0}
  m_PrefabInstance: {fileID: 0}
  m_PrefabAsset: {fileID: 0}
  m_GameObject: {fileID: 9185169588784793682}
  m_Enabled: 1
  m_EditorHideFlags: 0
  m_Script: {fileID: 11500000, guid: d18f32e7662790342998f7578d1bae86, type: 3}
  m_Name: 
  m_EditorClassIdentifier: 
--- !u!60 &9185169588784793686
PolygonCollider2D:
  m_ObjectHideFlags: 0
  m_CorrespondingSourceObject: {fileID: 0}
  m_PrefabInstance: {fileID: 0}
  m_PrefabAsset: {fileID: 0}
  m_GameObject: {fileID: 9185169588784793682}
  m_Enabled: 1
  m_Density: 1
  m_Material: {fileID: 0}
  m_IsTrigger: 1
  m_UsedByEffector: 0
  m_UsedByComposite: 0
  m_Offset: {x: 0, y: 0}
  m_SpriteTilingProperty:
    border: {x: 0, y: 0, z: 0, w: 0}
    pivot: {x: 0, y: 0}
    oldSize: {x: 0, y: 0}
    newSize: {x: 0, y: 0}
    adaptiveTilingThreshold: 0
    drawMode: 0
    adaptiveTiling: 0
  m_AutoTiling: 0
  m_Points:
    m_Paths:
    - - {x: 1.488213, y: 4.5080056}
      - {x: -1.4794823, y: 4.509758}
      - {x: -5.4815216, y: 2.4981651}
      - {x: -6.732211, y: 0.99641037}
      - {x: -6.9873786, y: -0.006429076}
      - {x: 6.9880657, y: -0.0023589134}
      - {x: 6.742727, y: 0.9917746}
      - {x: 5.4691467, y: 2.568062}
--- !u!1001 &9185169588498556840
PrefabInstance:
  m_ObjectHideFlags: 0
  serializedVersion: 2
  m_Modification:
    m_TransformParent: {fileID: 9185169588772256692}
    m_Modifications:
    - target: {fileID: 2165693880072646700, guid: 3356c2bdc60875d469e021394408a6b7, type: 3}
      propertyPath: target
      value: 
      objectReference: {fileID: 9185169587865265230}
    - target: {fileID: 2165693880072646700, guid: 3356c2bdc60875d469e021394408a6b7, type: 3}
      propertyPath: distanceY
      value: 7.5
      objectReference: {fileID: 0}
    - target: {fileID: 2549607877067297399, guid: 3356c2bdc60875d469e021394408a6b7, type: 3}
      propertyPath: m_Name
      value: Heath Bar
      objectReference: {fileID: 0}
    - target: {fileID: 4843344749499893178, guid: 3356c2bdc60875d469e021394408a6b7, type: 3}
      propertyPath: m_PresetInfoIsWorld
      value: 1
      objectReference: {fileID: 0}
    - target: {fileID: 7031706996866332216, guid: 3356c2bdc60875d469e021394408a6b7, type: 3}
      propertyPath: m_Pivot.x
      value: 0.5
      objectReference: {fileID: 0}
    - target: {fileID: 7031706996866332216, guid: 3356c2bdc60875d469e021394408a6b7, type: 3}
      propertyPath: m_Pivot.y
      value: 0.5
      objectReference: {fileID: 0}
    - target: {fileID: 7031706996866332216, guid: 3356c2bdc60875d469e021394408a6b7, type: 3}
      propertyPath: m_RootOrder
      value: 1
      objectReference: {fileID: 0}
    - target: {fileID: 7031706996866332216, guid: 3356c2bdc60875d469e021394408a6b7, type: 3}
      propertyPath: m_AnchorMax.x
      value: 0.5
      objectReference: {fileID: 0}
    - target: {fileID: 7031706996866332216, guid: 3356c2bdc60875d469e021394408a6b7, type: 3}
      propertyPath: m_AnchorMax.y
      value: 0.5
      objectReference: {fileID: 0}
    - target: {fileID: 7031706996866332216, guid: 3356c2bdc60875d469e021394408a6b7, type: 3}
      propertyPath: m_AnchorMin.x
      value: 0.5
      objectReference: {fileID: 0}
    - target: {fileID: 7031706996866332216, guid: 3356c2bdc60875d469e021394408a6b7, type: 3}
      propertyPath: m_AnchorMin.y
      value: 0.5
      objectReference: {fileID: 0}
    - target: {fileID: 7031706996866332216, guid: 3356c2bdc60875d469e021394408a6b7, type: 3}
      propertyPath: m_SizeDelta.x
      value: 100
      objectReference: {fileID: 0}
    - target: {fileID: 7031706996866332216, guid: 3356c2bdc60875d469e021394408a6b7, type: 3}
      propertyPath: m_SizeDelta.y
      value: 100
      objectReference: {fileID: 0}
    - target: {fileID: 7031706996866332216, guid: 3356c2bdc60875d469e021394408a6b7, type: 3}
      propertyPath: m_LocalScale.x
      value: 2
      objectReference: {fileID: 0}
    - target: {fileID: 7031706996866332216, guid: 3356c2bdc60875d469e021394408a6b7, type: 3}
      propertyPath: m_LocalScale.y
      value: 2
      objectReference: {fileID: 0}
    - target: {fileID: 7031706996866332216, guid: 3356c2bdc60875d469e021394408a6b7, type: 3}
      propertyPath: m_LocalScale.z
      value: 0
      objectReference: {fileID: 0}
    - target: {fileID: 7031706996866332216, guid: 3356c2bdc60875d469e021394408a6b7, type: 3}
      propertyPath: m_LocalPosition.x
      value: 0
      objectReference: {fileID: 0}
    - target: {fileID: 7031706996866332216, guid: 3356c2bdc60875d469e021394408a6b7, type: 3}
      propertyPath: m_LocalPosition.y
      value: 0
      objectReference: {fileID: 0}
    - target: {fileID: 7031706996866332216, guid: 3356c2bdc60875d469e021394408a6b7, type: 3}
      propertyPath: m_LocalPosition.z
      value: 0
      objectReference: {fileID: 0}
    - target: {fileID: 7031706996866332216, guid: 3356c2bdc60875d469e021394408a6b7, type: 3}
      propertyPath: m_LocalRotation.w
      value: 1
      objectReference: {fileID: 0}
    - target: {fileID: 7031706996866332216, guid: 3356c2bdc60875d469e021394408a6b7, type: 3}
      propertyPath: m_LocalRotation.x
      value: 0
      objectReference: {fileID: 0}
    - target: {fileID: 7031706996866332216, guid: 3356c2bdc60875d469e021394408a6b7, type: 3}
      propertyPath: m_LocalRotation.y
      value: 0
      objectReference: {fileID: 0}
    - target: {fileID: 7031706996866332216, guid: 3356c2bdc60875d469e021394408a6b7, type: 3}
      propertyPath: m_LocalRotation.z
      value: 0
      objectReference: {fileID: 0}
    - target: {fileID: 7031706996866332216, guid: 3356c2bdc60875d469e021394408a6b7, type: 3}
      propertyPath: m_AnchoredPosition.x
      value: 0
      objectReference: {fileID: 0}
    - target: {fileID: 7031706996866332216, guid: 3356c2bdc60875d469e021394408a6b7, type: 3}
      propertyPath: m_AnchoredPosition.y
      value: 7.5
      objectReference: {fileID: 0}
    - target: {fileID: 7031706996866332216, guid: 3356c2bdc60875d469e021394408a6b7, type: 3}
      propertyPath: m_LocalEulerAnglesHint.x
      value: 0
      objectReference: {fileID: 0}
    - target: {fileID: 7031706996866332216, guid: 3356c2bdc60875d469e021394408a6b7, type: 3}
      propertyPath: m_LocalEulerAnglesHint.y
      value: 0
      objectReference: {fileID: 0}
    - target: {fileID: 7031706996866332216, guid: 3356c2bdc60875d469e021394408a6b7, type: 3}
      propertyPath: m_LocalEulerAnglesHint.z
      value: 0
      objectReference: {fileID: 0}
    - target: {fileID: 7031706996866332216, guid: 3356c2bdc60875d469e021394408a6b7, type: 3}
      propertyPath: m_ConstrainProportionsScale
      value: 1
      objectReference: {fileID: 0}
    - target: {fileID: 7885110281057270390, guid: 3356c2bdc60875d469e021394408a6b7, type: 3}
      propertyPath: m_AnchorMax.x
      value: 0
      objectReference: {fileID: 0}
    - target: {fileID: 7885110281057270390, guid: 3356c2bdc60875d469e021394408a6b7, type: 3}
      propertyPath: m_AnchorMax.y
      value: 0
      objectReference: {fileID: 0}
    m_RemovedComponents: []
  m_SourcePrefab: {fileID: 100100000, guid: 3356c2bdc60875d469e021394408a6b7, type: 3}
--- !u!114 &1943100881434598035 stripped
MonoBehaviour:
  m_CorrespondingSourceObject: {fileID: 7318068914666421563, guid: 3356c2bdc60875d469e021394408a6b7, type: 3}
  m_PrefabInstance: {fileID: 9185169588498556840}
  m_PrefabAsset: {fileID: 0}
  m_GameObject: {fileID: 0}
  m_Enabled: 1
  m_EditorHideFlags: 0
  m_Script: {fileID: 11500000, guid: abfa49c5f5cbe89429cec35189e258c9, type: 3}
  m_Name: 
  m_EditorClassIdentifier: 
--- !u!224 &2228687328941298064 stripped
RectTransform:
  m_CorrespondingSourceObject: {fileID: 7031706996866332216, guid: 3356c2bdc60875d469e021394408a6b7, type: 3}
  m_PrefabInstance: {fileID: 9185169588498556840}
  m_PrefabAsset: {fileID: 0}
